[Event "Early-Titled-Tuesday-Blitz-January-16-2024"]
[Site "Chess.com"]
[Date "2024.01.16"]
[Round "6"]
[White "Sanyura"]
[Black "Legendinunknown"]
[Result "0-1"]
[WhiteElo "2629"]
[BlackElo "2810"]
[TimeControl "180+1"]
[EndTime "9:05:14 PST"]
[Termination "Legendinunknown won by resignation"]

1. e4 e5 2. Nf3 Nc6 3. Bb5 a6 4. Ba4 d6 5. c3 f5 6. exf5 Bxf5 7.
O-O Bd3 8. Re1 Be7 9. Bc2 Bxc2 10. Qxc2 Nf6 11. Ng5 Qd7 12. Qb3 d5 13. Qxb7 O-O 14.
Qb3 Bc5 15. d4 exd4 16. Ne6 Rae8 0-1

[Event "Early-Titled-Tuesday-Blitz-January-16-2024"]
[Site "Chess.com"]
[Date "2024.01.16"]
[Round "6"]
[White "MusicCityMaster"]
[Black "JesseFebruary"]
[Result "1-0"]
[WhiteElo "2419"]
[BlackElo "1905"]
[TimeControl "180+1"]
[EndTime "9:05:23 PST"]
[Termination "MusicCityMaster won by resignation"]

1. e4 e6 2. d4 d5 3. Nc3 Nf6 4.
e5 Nfd7 5. Nce2 c5 6. c3 Nc6 7. Nf3 Qb6 8. a3 c4 9. Nf4 Na5 10. h4 Nb3 11. Rb1 a5 12. Ng5 Nxc1 13. Qxc1 Qb3 14.
Be2 b5 15. Bd1 Qa2 16. Ra1 1-0

[Event "Early-Titled-Tuesday-Blitz-January-16-2024"]
[Site "Chess.com"]
[Date "2024.01.16"]
[Round "6"]
[White "reniite"]
[Black "Journey_to_GrandMaster_YT"]
[Result "0-1"]
[WhiteElo "2347"]
[BlackElo "2516"]
[TimeControl "180+1"]
[EndTime "9:05:41 PST"]
[Termination "Journey_to_GrandMaster_YT won by resignation"]

1. e4 d6 2. d4 Nf6 3. Nc3 e5 4. dxe5 dxe5 5. Qxd8+ Kxd8 6. Bg5 c6 7. O-O-O+ Nd7 8.
h3 b5 9. a3 a5 10. Kb1 b4 11.
axb4 axb4 12. Na2 Kc7 13. b3 Nxe4 14. Be3 Bc5 15. Bxc5 Ndxc5 16. Rh2 Rxa2 17. Kxa2 Nc3+ 18. Kb2 Nxd1+ 19. Kc1 Nxf2 20. Bc4 Be6 0-1

[Event "Early-Titled-Tuesday-Blitz-January-16-2024"]
[Site "Chess.com"]
[Date "2024.01.16"]
[Round "6"]
[White "Tiqr777"]
[Black "A-Fier"]
[Result "0-1"]
[WhiteElo "2610"]
[BlackElo "2795"]
[TimeControl "180+1"]
[EndTime "9:05:50 PST"]
[Termination "A-Fier won by resignation"]

1. c4 Nf6 2. Nc3 Nc6 3. d4 e6 4. a3 d5 5. cxd5 exd5 6. Nf3 Bf5 7. Bg5 Be7 8. Bxf6 Bxf6 9. e3 O-O 10. Bd3 Ne7 11. Bxf5 Nxf5 12. Qb3 c6 13. Qxb7 Rb8 14. Qxc6 Rxb2 15. Qxd5 Qc8 16. Ne4 Ne7 17. Nxf6+ gxf6 18. Qa5 Qc4 19. Nd2 Qd3 20. Rc1 Nd5 21. h4 Nf4 0-1

[Event "Early-Titled-Tuesday-Blitz-January-16-2024"]
[Site "Chess.com"]
[Date "2024.01.16"]
[Round "6"]
[White "eCztery"]
[Black "Millerkallpa"]
[Result "1-0"]
[WhiteElo "2458"]
[BlackElo "2124"]
[TimeControl "180+1"]
[EndTime "9:05:58 PST"]
[Termination "eCztery won by resignation"]

1. e4 e5 2. Nf3 Nc6 3. d4 exd4 4. Bc4 Bc5 5. c3 Nf6 6. cxd4 Bb4+ 7. Nbd2 Bxd2+ 8.
Bxd2 d5 9. exd5 Nxd5 10. O-O O-O 11. Qb3 Nce7 12. Rfe1 c6 13. Bg5 Be6 14. Qxb7 Rb8 15. Qxa7 Rxb2 16. Bxd5 cxd5 17. Bxe7 1-0

[Event "Early-Titled-Tuesday-Blitz-January-16-2024"]
[Site "Chess.com"]
[Date "2024.01.16"]
[Round "6"]
[White "santosalberto1987"]
[Black "Bushonica"]
[Result "1-0"]
[WhiteElo "2495"]
[BlackElo "1808"]
[TimeControl "180+1"]
[EndTime "9:06:02 PST"]
[Termination "santosalberto1987 won by resignation"]

1. e4 e5 2. Nf3 Nf6 3. Nxe5 Qe7 4. d4 d6 5. Nf3 Nxe4 6. Be2 Nf6 7. O-O c6 8. Re1 Be6 9. Ng5 h6 10. Nxe6 fxe6 11. Bh5+ Kd7 12. c4 Na6 13. Nc3 Nc7 14.
Bg4 d5 15. cxd5 Nfxd5 16. Nxd5 cxd5 17. Bf4 g5 18. Bxc7 Kxc7 19. Rc1+ Kd7 20. Rxe6 Qxe6 21.
Bxe6+ Kxe6 22. Qg4+ Kd6 23. Qg3+ Ke6 24. Qe5+ 1-0

[Event "Early-Titled-Tuesday-Blitz-January-16-2024"]
[Site "Chess.com"]
[Date "2024.01.16"]
[Round "6"]
[White "Joshukid"]
[Black "Gabrielian_Artur"]
[Result "0-1"]
[WhiteElo "2607"]
[BlackElo "2792"]
[TimeControl "180+1"]
[EndTime "9:06:10 PST"]
[Termination "Gabrielian_Artur won by resignation"]

1. Nf3 Nf6 2. c4 g6 3. b3 Bg7 4. Bb2 O-O 5. g3 d6 6. d4 e5 7. dxe5 Ng4 8. Bg2 Nc6 9. Qd2 dxe5 10. Nc3 e4 11. Qxd8 Rxd8 12. Ng5 e3 13. f4 Rd2 14. Bxc6 bxc6 15. Rd1 Bxc3 0-1

[Event "Early-Titled-Tuesday-Blitz-January-16-2024"]
[Site "Chess.com"]
[Date "2024.01.16"]
[Round "6"]
[White "ozates"]
[Black "SarochaChuemsakul"]
[Result "0-1"]
[WhiteElo "2581"]
[BlackElo "2454"]
[TimeControl "180+1"]
[EndTime "9:06:20 PST"]
[Termination "SarochaChuemsakul won by resignation"]

1. c4 Nf6 2. g3 g6 3. Bg2 Bg7 4. Nc3 O-O 5. e4 d6 6. Nge2 c5 7. O-O Nc6 8. d3 a6 9. h3 Rb8 10. a4 Ne8 11. Be3 Nd4 12. Rb1 Nxe2+ 13. Qxe2 Bd7 14.
Rfd1 e5 15. b4 b6 16. b5 a5 17. Nd5 Nc7 18. Qd2 Nxd5 19. cxd5 f5 20. Bg5 Bf6 21. h4 Bxg5 22. hxg5 f4 23. Bf3 Qxg5 24. Kg2 Bg4 25. Qe2 fxg3 26. Bxg4 Rxf2+ 27. Kg1 Rxe2 0-1

[Event "Early-Titled-Tuesday-Blitz-January-16-2024"]
[Site "Chess.com"]
[Date "2024.01.16"]
[Round "6"]
[White "Matrix3x3a"]
[Black "JaloliddinIlkhomi"]
[Result "1-0"]
[WhiteElo "2448"]
[BlackElo "2702"]
[TimeControl "180+1"]
[EndTime "9:06:27 PST"]
[Termination "Matrix3x3a won by resignation"]

1. d4 e6 2. c4 Nf6 3. Nc3 Bb4 4.
e3 O-O 5. Bd3 d5 6. a3 Bxc3+ 7.
bxc3 b6 8. Ne2 Ba6 9. cxd5 Bxd3 10. Qxd3 exd5 11. f3 Nbd7 12. Ng3 c5 13. O-O Qe7 14.
e4 cxd4 15. cxd4 dxe4 16. fxe4 Rad8 17. Bg5 h6 18. Bxh6 gxh6 19. Nf5 Qxe4 20. Qg3+ Qg4 21. Nxh6+ 1-0

[Event "Early-Titled-Tuesday-Blitz-January-16-2024"]
[Site "Chess.com"]
[Date "2024.01.16"]
[Round "6"]
[White "Let_it_be_1"]
[Black "giomar27"]
[Result "1-0"]
[WhiteElo "2617"]
[BlackElo "2415"]
[TimeControl "180+1"]
[EndTime "9:06:42 PST"]
[Termination "Let_it_be_1 won by resignation"]

1. e4 g6 2. d4 Bg7 3. Nc3 a6 4. f4 b5 5. Nf3 d6 6. Bd3 Nd7 7. a4 b4 8. Ne2 Bb7 9. O-O e6 10. c3 a5 11. f5 c5 12. fxe6 fxe6 13. Ng5 Nf8 14. Nf7 Qb6 15. Bb5+ Nd7 16. Nf4 Nf6 17.
Nxh8 Bxh8 18. e5 dxe5 19. dxe5 Nd5 20. c4 Nxf4 21. Qxd7+ 1-0

[Event "Early-Titled-Tuesday-Blitz-January-16-2024"]
[Site "Chess.com"]
[Date "2024.01.16"]
[Round "6"]
[White "Phelathegreat"]
[Black "sakkikuska"]
[Result "1-0"]
[WhiteElo "2446"]
[BlackElo "2590"]
[TimeControl "180+1"]
[EndTime "9:06:56 PST"]
[Termination "Phelathegreat won by resignation"]

1. d4 Nf6 2. c4 g6 3. Nc3 d5 4. Bf4 Bg7 5. e3 c5 6. dxc5 Qa5 7. Rc1 dxc4 8. Bxc4 O-O 9. Ne2 Qxc5 10. Nb5 Qb4+ 11. Kf1 Na6 12. a3 Qa5 13. b4 Qd8 14. Qxd8 Rxd8 15.
f3 Bd7 16. Nbd4 Rac8 17. Kf2 Nc7 18. Bxc7 Rxc7 19. Bxf7+ Kxf7 1-0

[Event "Early-Titled-Tuesday-Blitz-January-16-2024"]
[Site "Chess.com"]
[Date "2024.01.16"]
[Round "6"]
[White "Smiechu"]
[Black "MagnusCarlsen"]
[Result "0-1"]
[WhiteElo "2513"]
[BlackElo "3305"]
[TimeControl "180+1"]
[EndTime "9:06:57 PST"]
[Termination "MagnusCarlsen won by resignation"]

1. e4 c5 2. Nf3 g6 3. d4 cxd4 4. Nxd4 Nf6 5. Nc3 d6 6. Be3 a6 7. f3 Bg7 8. Qd2 h5 9. O-O-O b5 10. Nd5 Bb7 11. Nxf6+ Bxf6 12. Bg5 Bxg5 13. Qxg5 Nd7 14.
Bd3 Rc8 15. Rhe1 e5 16. Ne2 0-1

[Event "Early-Titled-Tuesday-Blitz-January-16-2024"]
[Site "Chess.com"]
[Date "2024.01.16"]
[Round "6"]
[White "chito89"]
[Black "djano"]
[Result "1-0"]
[WhiteElo "2932"]
[BlackElo "2632"]
[TimeControl "180+1"]
[EndTime "9:07:11 PST"]
[Termination "chito89 won by resignation"]

1. d4 Nf6 2. c4 g6 3. Nc3 Bg7 4.
e4 d6 5. Nge2 O-O 6. Ng3 h5 7.
Be2 h4 8. Nf1 c5 9. d5 e6 10.
Bg5 Qb6 11. Qd2 exd5 12. cxd5 Re8 13. f3 h3 14. g4 Nbd7 15. Ne3 Ne5 16. O-O Bd7 17.
Bxf6 Bxf6 18. f4 Nxg4 19. Bxg4 Rad8 20. Bxd7 Rxd7 21. e5 Bg7 22. Nc4 Qb4 23. Nxd6 Red8 24. Nce4 1-0

[Event "Early-Titled-Tuesday-Blitz-January-16-2024"]
[Site "Chess.com"]
[Date "2024.01.16"]
[Round "6"]
[White "Juicy_Fork"]
[Black "RojonR"]
[Result "1-0"]
[WhiteElo "2427"]
[BlackElo "2587"]
[TimeControl "180+1"]
[EndTime "9:07:17 PST"]
[Termination "Juicy_Fork won by resignation"]

1. e4 e5 2. Nf3 Nc6 3. Bb5 a6 4. Ba4 Nf6 5. O-O b5 6. Bb3 Be7 7. Re1 d6 8. c3 Be6 9. d4 exd4 10. cxd4 Bxb3 11. axb3 O-O 12. Nc3 Re8 13. Bg5 h6 14.
Bxf6 Bxf6 15. Nd5 Be7 16. Rc1 Qd7 17. Qc2 Nd8 18. Qxc7 Qe6 19. Qb6 Bg5 20. Nxg5 hxg5 21. Nc7 Rc8 22. Nxe6 Rxc1 23. Rxc1 1-0

[Event "Early-Titled-Tuesday-Blitz-January-16-2024"]
[Site "Chess.com"]
[Date "2024.01.16"]
[Round "6"]
[White "Akewjon"]
[Black "DenLaz"]
[Result "0-1"]
[WhiteElo "2756"]
[BlackElo "3076"]
[TimeControl "180+1"]
[EndTime "9:07:27 PST"]
[Termination "DenLaz won by resignation"]

1. Nf3 d5 2. c4 e6 3. e3 Nf6 4. Nc3 b6 5. g3 Bb7 6. Bg2 dxc4 7.
O-O Nbd7 8. Qa4 Be7 9. Qxc4 O-O 10. Rd1 c5 11. d4 Rc8 12. Qa4 a6 13. dxc5 Rxc5 14. Bd2 Qa8 15. Ne1 Bxg2 16. Nxg2 Ne5 17. Be1 Nf3+ 18. Kh1 b5 19. Qf4 Rf5 20. Qc7 Nxe1 21.
Rxe1 Rxf2 22. e4 Bb4 23. Rf1 Rxf1+ 24. Rxf1 Bxc3 25. Qxc3 Qxe4 26. Qe5 Qxe5 0-1

[Event "Early-Titled-Tuesday-Blitz-January-16-2024"]
[Site "Chess.com"]
[Date "2024.01.16"]
[Round "6"]
[White "GHANDEEVAM2003"]
[Black "Genghis_K"]
[Result "1-0"]
[WhiteElo "3008"]
[BlackElo "2846"]
[TimeControl "180+1"]
[EndTime "9:07:29 PST"]
[Termination "GHANDEEVAM2003 won by resignation"]

1. Nf3 Nf6 2. b3 d5 3. Bb2 c5 4. e3 a6 5. c4 Nc6 6. cxd5 Nxd5 7. d4 cxd4 8. Nxd4 Bd7 9. Bc4 Nf6 10. Nd2 e6 11.
O-O Be7 12. Be2 O-O 13. Bf3 Rc8 14. Nc4 Nxd4 15. Bxd4 Bc6 16. Rc1 Bxf3 17. Qxf3 Qd5 18. Nb6 Qxf3 19. gxf3 Rxc1 20. Rxc1 Bd8 21. Nc8 h6 22.
Nd6 Re8 23. Nxe8 1-0

[Event "Early-Titled-Tuesday-Blitz-January-16-2024"]
[Site "Chess.com"]
[Date "2024.01.16"]
[Round "6"]
[White "Korchmar_Vasiliy"]
[Black "Msb2"]
[Result "0-1"]
[WhiteElo "2749"]
[BlackElo "3053"]
[TimeControl "180+1"]
[EndTime "9:07:38 PST"]
[Termination "Msb2 won by resignation"]

1. e4 e6 2. d4 d5 3. exd5 exd5 4. Nf3 Nc6 5. Bb5 a6 6. Bxc6+ bxc6 7. O-O Bd6 8. Bg5 f6 9. Bh4 Ne7 10. Bg3 O-O 11.
Nbd2 Bf5 12. Re1 Ng6 13. c4 Rb8 14. Qc1 Qd7 15. a3 Nf4 16. c5 Nd3 17. cxd6 Nxc1 18. dxc7 Rxb2 19. Raxc1 Rc8 20. Nf1 Rxc7 21. Bxc7 Qxc7 22.
Ne3 Be4 23. Nh4 Qf4 24. f3 Qxh4 25. fxe4 dxe4 26. d5 Qf2+ 27. Kh1 cxd5 0-1

[Event "Early-Titled-Tuesday-Blitz-January-16-2024"]
[Site "Chess.com"]
[Date "2024.01.16"]
[Round "6"]
[White "Alexei_Kornev"]
[Black "almaguerjm"]
[Result "1-0"]
[WhiteElo "2705"]
[BlackElo "2495"]
[TimeControl "180+1"]
[EndTime "9:07:47 PST"]
[Termination "Alexei_Kornev won by resignation"]

1. e4 e5 2. Nf3 Nc6 3. Bb5 a6 4. Ba4 d6 5. O-O Bd7 6. c3 g6 7.
d4 Bg7 8. d5 Nce7 9. c4 b5 10.
Bb3 Nf6 11. Re1 O-O 12. h3 bxc4 13. Bxc4 Bb5 14. Na3 Rb8 15. Qd3 Bxc4 16. Nxc4 Nd7 17. Be3 h6 18. Nfd2 f5 19. f3 Kh7 20. Rec1 f4 21. Bf2 Bf6 22. Rc2 Nb6 23. Rac1 Nec8 24.
Na5 Bh4 25. Rxc7+ Kg8 26. Bxh4 Qxh4 27. Qxa6 Na4 28. Rxc8 Rbxc8 29. Rxc8 Qe1+ 30. Nf1 Nc5 31. Rxf8+ 1-0

[Event "Early-Titled-Tuesday-Blitz-January-16-2024"]
[Site "Chess.com"]
[Date "2024.01.16"]
[Round "6"]
[White "LangesNasenhaar"]
[Black "Iskusnyh"]
[Result "0-1"]
[WhiteElo "2423"]
[BlackElo "2636"]
[TimeControl "180+1"]
[EndTime "9:07:49 PST"]
[Termination "Iskusnyh won by resignation"]

1. d4 d5 2. Nf3 Nf6 3. Bg5 c5 4. Bxf6 exf6 5. dxc5 Bxc5 6. e3 O-O 7. c3 Nc6 8. Nbd2 Be6 9. Bd3 f5 10. O-O Qf6 11. Rc1 Rad8 12. Qe2 Rfe8 13. b4 Bb6 14. a3 f4 15. e4 Bg4 16. h3 Bh5 17. Rfe1 Ne5 18. Bb5 Nxf3+ 19. gxf3 Re5 20. Kh2 Qh4 21.
Rf1 dxe4 22. Nxe4 Bg6 23. Rg1 Rh5 24. Qf1 Bxe4 25. fxe4 Bxf2 26. Rg4 Qxg4 0-1

[Event "Early-Titled-Tuesday-Blitz-January-16-2024"]
[Site "Chess.com"]
[Date "2024.01.16"]
[Round "6"]
[White "XDPS"]
[Black "Caroexpert"]
[Result "1-0"]
[WhiteElo "2908"]
[BlackElo "2569"]
[TimeControl "180+1"]
[EndTime "9:07:53 PST"]
[Termination "XDPS won by resignation"]

1. d4 d5 2. Nf3 e6 3. Bf4 Bd6 4. e3 Bxf4 5. exf4 Ne7 6. c3 b6 7. Nbd2 O-O 8. g3 Ba6 9. Bxa6 Nxa6 10. h4 c5 11. h5 Nb8 12. Nf1 Nbc6 13. Ne3 Nf5 14.
Nxf5 exf5 15. Kf1 f6 16. Qd3 Qd7 17. Rd1 c4 18. Qc2 Rfe8 19. Nh4 Re4 20. f3 Re3 21. Qxf5 Qf7 22. Kf2 Rae8 23. Rhe1 Qe7 24. Qxd5+ Kh8 25.
Ng2 Re2+ 26. Kg1 Na5 27. Rxe2 Qxe2 28. Re1 Qxe1+ 29. Nxe1 Rxe1+ 30. Kf2 Re8 31. Qd7 1-0

[Event "Early-Titled-Tuesday-Blitz-January-16-2024"]
[Site "Chess.com"]
[Date "2024.01.16"]
[Round "6"]
[White "jhedigm"]
[Black "Martial2008"]
[Result "0-1"]
[WhiteElo "2581"]
[BlackElo "2733"]
[TimeControl "180+1"]
[EndTime "9:07:59 PST"]
[Termination "Martial2008 won by resignation"]

1. c4 e5 2. Nc3 Nc6 3. Nf3 Nf6 4. g3 Bb4 5. Nd5 e4 6. Nxb4 Nxb4 7. Nd4 Nc6 8. Nc2 d6 9. Bg2 h5 10. h3 Be6 11. b3 Ne5 12. d4 exd3 13. exd3 Qe7 14. O-O Qd7 15. d4 Ng6 16. Re1 O-O-O 17. Kh2 h4 18. g4 Bxg4 19. hxg4 Nxg4+ 20. Qxg4 Qxg4 21. Bh3 f5 22. Bxg4 fxg4 23. Bg5 Rdf8 24. Re2 Rf5 25. Be3 Rf3 26. Rg1 g3+ 27. Kg2 Rhf8 28. fxg3 hxg3 29.
Ne1 Rf2+ 30. Bxf2 Nf4+ 31. Kf1 Nxe2 32. Kxe2 gxf2 33. Rf1 fxe1=Q+ 34. Rxe1 Re8+ 35. Kf2 Rxe1 36. Kxe1 Kd7 0-1

[Event "Early-Titled-Tuesday-Blitz-January-16-2024"]
[Site "Chess.com"]
[Date "2024.01.16"]
[Round "6"]
[White "Aguiar94"]
[Black "UK_23"]
[Result "1-0"]
[WhiteElo "2530"]
[BlackElo "2365"]
[TimeControl "180+1"]
[EndTime "9:08:05 PST"]
[Termination "Aguiar94 won by resignation"]

1. e4 c6 2. d4 d5 3. e5 c5 4. dxc5 e6 5. a3 Bxc5 6. b4 Bb6 7. Nf3 a5 8. Bb2 axb4 9. axb4 Rxa1 10. Bxa1 Ne7 11.
Bd3 Ng6 12. Qd2 Nd7 13. O-O Bc7 14. Re1 O-O 15. g3 b6 16. h4 h6 17. Bd4 Bb7 18.
Nc3 Qe7 19. Nb5 Bb8 20. h5 Nh8 21. c3 Ba6 22. Ra1 Bxb5 23. Bxb5 f6 24. Bxd7 Qxd7 25. exf6 gxf6 26. Qxh6 e5 27. Bxb6 Qc6 28. Bc5 Rf7 29. Nh4 Bd6 30. Bxd6 Qxd6 31. Ra8+ Rf8 32. Nf5 1-0

[Event "Early-Titled-Tuesday-Blitz-January-16-2024"]
[Site "Chess.com"]
[Date "2024.01.16"]
[Round "6"]
[White "shirovin"]
[Black "Danito1954"]
[Result "1-0"]
[WhiteElo "1990"]
[BlackElo "2121"]
[TimeControl "180+1"]
[EndTime "9:08:05 PST"]
[Termination "shirovin won on time"]

1. e4 e5 2. Nf3 Nc6 3. Bc4 Bc5 4. b4 Bxb4 5. c3 Ba5 6. d4 exd4 7.
O-O dxc3 8. Qb3 Qe7 9. Bg5 Nf6 10. Nxc3 Bxc3 11. Qxc3 O-O 12. e5 h6 13. exf6 Qc5 14.
Bxf7+ Rxf7 15. Qxc5 1-0

[Event "Early-Titled-Tuesday-Blitz-January-16-2024"]
[Site "Chess.com"]
[Date "2024.01.16"]
[Round "6"]
[White "Byniolus"]
[Black "YurasovMat-2012"]
[Result "1-0"]
[WhiteElo "2763"]
[BlackElo "2587"]
[TimeControl "180+1"]
[EndTime "9:08:10 PST"]
[Termination "Byniolus won by resignation"]

1. d4 d5 2. Bf4 Nf6 3. e3 c5 4. c3 Nc6 5. Nd2 cxd4 6. cxd4 Bf5 7. Ngf3 e6 8. Qb3 Qc8 9. Rc1 Nd7 10. Bb5 Be7 11. Qa4 O-O 12. O-O Nb6 13. Qb3 Nd7 14.
Rc3 a6 15. Bxc6 bxc6 16. Rfc1 c5 17. dxc5 a5 18. c6 Nb8 19. Qb7 Na6 20. Qxe7 1-0

[Event "Early-Titled-Tuesday-Blitz-January-16-2024"]
[Site "Chess.com"]
[Date "2024.01.16"]
[Round "6"]
[White "SashaKuzhilniy"]
[Black "Cambek64"]
[Result "1-0"]
[WhiteElo "2664"]
[BlackElo "2447"]
[TimeControl "180+1"]
[EndTime "9:08:12 PST"]
[Termination "SashaKuzhilniy won by resignation"]

1. e3 e5 2. d4 exd4 3. exd4 d5 4. Nf3 Bd6 5. Bd3 Ne7 6. O-O Bg4 7. Re1 Nd7 8. c3 c6 9. Nbd2 Bh5 10. Nf1 Bg6 11.
Bg5 O-O 12. Ne3 Re8 13. Bxg6 hxg6 14. Qd3 f6 15. Bh4 Nf8 16. Bg3 Bxg3 17. hxg3 Qd7 18.
g4 a5 19. g5 a4 20. gxf6 gxf6 21. g3 b5 22. Kg2 Kg7 23. Rh1 Ne6 24. Rh4 Rh8 25.
Rah1 Rxh4 26. Rxh4 Rh8 27. Rxh8 Kxh8 28. Qd2 Kg7 29. Ng4 Ng8 30. Qe3 Nf8 31. Ngh2 Qe6 32. Qf4 Qe7 33. Ng4 Ne6 34. Qb8 Qd7 35. Qxg8+ Kxg8 36. Nxf6+ Kf7 37. Nxd7 Ke7 38. Nde5 g5 39. Nxc6+ 1-0

[Event "Early-Titled-Tuesday-Blitz-January-16-2024"]
[Site "Chess.com"]
[Date "2024.01.16"]
[Round "6"]
[White "ValentinDragnev"]
[Black "ahkashefi2800"]
[Result "1-0"]
[WhiteElo "2783"]
[BlackElo "2561"]
[TimeControl "180+1"]
[EndTime "9:08:13 PST"]
[Termination "ValentinDragnev won on time"]

1. d4 d5 2. Nf3 Nf6 3. Bf4 c6 4. e3 Bg4 5. c4 e6 6. Qb3 Qa5+ 7. Nc3 Bb4 8. Ne5 Nbd7 9. Nxg4 Nxg4 10. a3 Bxc3+ 11. Qxc3 Qxc3+ 12. bxc3 O-O 13. Rb1 b6 14. f3 Ngf6 15. Bg3 Rfe8 16. cxd5 Nxd5 17. Kd2 Rad8 18.
Ba6 Ne7 19. Bc7 Ra8 20. Bb7 1-0

[Event "Early-Titled-Tuesday-Blitz-January-16-2024"]
[Site "Chess.com"]
[Date "2024.01.16"]
[Round "6"]
[White "FredddieCroderg"]
[Black "DDTerziev04"]
[Result "0-1"]
[WhiteElo "2334"]
[BlackElo "2172"]
[TimeControl "180+1"]
[EndTime "9:08:15 PST"]
[Termination "DDTerziev04 won by resignation"]

1. d4 d5 2. c4 dxc4 3. e3 Nf6 4. Bxc4 e6 5. Nf3 c5 6. O-O Nc6 7. dxc5 Bxc5 8. Qxd8+ Kxd8 9. Be2 Ke7 10. Nbd2 Rd8 11. b3 a5 12. Bb2 b6 13. Nc4 Ba6 14. Rfd1 Ne4 15. Bxg7 f6 16. Rxd8 Rxd8 17. Bh6 Nc3 18. Kf1 Nb4 19. a4 e5 20. Rc1 Nxe2 21. Kxe2 Kf7 22. e4 Nd3 23. Rc2 Nxf2 24. Nd2 Ng4 25. Kf3 Nxh6 26. Nxa5 Rd3+ 27. Ke2 Rc3+ 28. Kd1 Be2+ 0-1

[Event "Early-Titled-Tuesday-Blitz-January-16-2024"]
[Site "Chess.com"]
[Date "2024.01.16"]
[Round "6"]
[White "rikchessmx"]
[Black "SmirnovAlexandrA"]
[Result "1-0"]
[WhiteElo "2363"]
[BlackElo "2628"]
[TimeControl "180+1"]
[EndTime "9:08:16 PST"]
[Termination "rikchessmx won by resignation"]

1. e4 d5 2. exd5 Qxd5 3. Nc3 Qd6 4. Nf3 Nf6 5. Be2 a6 6. d4 b5 7. O-O Bb7 8. Re1 Nbd7 9. Be3 e6 10.
Ng5 c5 11. Bf3 Qb6 12. dxc5 Bxc5 13. Bxb7 Qxb7 14. Qf3 Qxf3 15. Nxf3 Bxe3 16. Rxe3 Ke7 17. Nd4 g6 18. Rd1 Rac8 19. Rd2 Rhd8 20. a3 Nb6 21. b3 Nbd5 22. Nxd5+ Rxd5 23. Red3 Rcd8 24. Nc6+ 1-0

[Event "Early-Titled-Tuesday-Blitz-January-16-2024"]
[Site "Chess.com"]
[Date "2024.01.16"]
[Round "6"]
[White "NMJeevanK"]
[Black "K_A_S_T_O_R"]
[Result "0-1"]
[WhiteElo "2586"]
[BlackElo "2911"]
[TimeControl "180+1"]
[EndTime "9:08:18 PST"]
[Termination "K_A_S_T_O_R won by resignation"]

1. e4 c5 2. Nc3 e6 3. g3 d5 4. exd5 exd5 5. d4 Nf6 6. Bg2 cxd4 7. Qxd4 Nc6 8. Qa4 Bb4 9. Bd2 Qe7+ 10. Nge2 Bd7 11.
a3 Nd4 12. Qxb4 Nxc2+ 13. Kd1 Nxb4 14. axb4 Qxb4 15. Re1 O-O 16. Nc1 Rfe8 17. Rxe8+ Rxe8 18. Nxd5 Ba4+ 19. Rxa4 Qxa4+ 20. b3 Qg4+ 21. f3 Qd4 0-1

[Event "Early-Titled-Tuesday-Blitz-January-16-2024"]
[Site "Chess.com"]
[Date "2024.01.16"]
[Round "6"]
[White "Malikova777"]
[Black "deribas12345"]
[Result "0-1"]
[WhiteElo "2286"]
[BlackElo "2494"]
[TimeControl "180+1"]
[EndTime "9:08:20 PST"]
[Termination "deribas12345 won by resignation"]

1. d4 c5 2. c4 cxd4 3. Qxd4 Nc6 4. Qd1 Nf6 5. Nf3 e5 6. g3 e4 7. Nd4 Qb6 8. e3 Ne5 9. Nc3 Bb4 10. Bd2 O-O 11.
a3 Bxc3 12. Bxc3 d6 13. Be2 Bh3 14. Nc2 Rfd8 15. Bxe5 dxe5 16. Qc1 Rac8 17. Bf1 Bg4 18.
h3 Bf3 19. Rg1 Rd1+ 20. Qxd1 Bxd1 21. Kxd1 Qxb2 22. g4 Rd8+ 0-1

[Event "Early-Titled-Tuesday-Blitz-January-16-2024"]
[Site "Chess.com"]
[Date "2024.01.16"]
[Round "6"]
[White "whitemirrorninja"]
[Black "Gryffindorac8"]
[Result "1-0"]
[WhiteElo "2490"]
[BlackElo "2353"]
[TimeControl "180+1"]
[EndTime "9:08:23 PST"]
[Termination "whitemirrorninja won on time"]

1. e4 c5 2. Nf3 d6 3. Nc3 Nf6 4.
Bc4 a6 5. e5 dxe5 6. Nxe5 e6 7.
Qf3 Be7 8. O-O O-O 9. Re1 Nbd7 10. Nxf7 Rxf7 11. Bxe6 Nf8 12. Bc4 Bg4 13. Qxb7 Rb8 14. Qxe7 Bh5 15. d3 Qc8 16. Bg5 Qf5 17. Bxf6 gxf6 18. Re3 Bg6 19. Rg3 1-0

[Event "Early-Titled-Tuesday-Blitz-January-16-2024"]
[Site "Chess.com"]
[Date "2024.01.16"]
[Round "6"]
[White "Eesha-Karavade"]
[Black "AGW2016"]
[Result "0-1"]
[WhiteElo "2429"]
[BlackElo "2615"]
[TimeControl "180+1"]
[EndTime "9:08:27 PST"]
[Termination "AGW2016 won by resignation"]

1. d4 Nf6 2. Nf3 g6 3. Bf4 Bg7 4. Nc3 d5 5. e3 O-O 6. h4 c5 7. Ne5 Nc6 8. Be2 cxd4 9. exd4 Qb6 10.
Nxc6 bxc6 11. Rb1 h5 12. Qd2 Bf5 13. Na4 Qd8 14. f3 Nd7 15. O-O e5 16. dxe5 Nxe5 17. Bg5 Qc7 18. Nc5 Nd7 19. Nxd7 Qxd7 20. c3 Bxb1 21. Rxb1 c5 22. Rd1 d4 23. c4 Rab8 24. Bd3 Rfe8 25. b3 Qe6 26. Qf2 Bf6 27. Bf4 Be5 28.
Re1 Qd6 29. Rxe5 Rxe5 30. Qg3 Rbe8 31. Kh2 Qf6 32. Bxe5 Qxe5 33. Qxe5 Rxe5 34. Be4 Rxe4 35. fxe4 d3 0-1

[Event "Early-Titled-Tuesday-Blitz-January-16-2024"]
[Site "Chess.com"]
[Date "2024.01.16"]
[Round "6"]
[White "Mistango"]
[Black "Pastore1978"]
[Result "1-0"]
[WhiteElo "2486"]
[BlackElo "2278"]
[TimeControl "180+1"]
[EndTime "9:08:32 PST"]
[Termination "Mistango won by resignation"]

1. e4 e6 2. d3 c5 3. Nd2 Nc6 4. Ngf3 g6 5. g3 Bg7 6. Bg2 Nge7 7. O-O O-O 8. Rb1 d6 9. a3 a5 10. c3 e5 11. Nc4 b5 12. Ne3 Be6 13. Ng5 Bc8 14.
f4 h6 15. Nf3 Rb8 16. b4 axb4 17. cxb4 Be6 18. f5 gxf5 19. Nxf5 Nxf5 20. exf5 Bxf5 21. Nh4 Bd7 22. Qh5 cxb4 23. Bxh6 bxa3 24. Bxc6 Qb6+ 25. Rf2 Qxc6 26. Qg5 1-0

[Event "Early-Titled-Tuesday-Blitz-January-16-2024"]
[Site "Chess.com"]
[Date "2024.01.16"]
[Round "6"]
[White "ChainedDowntohell"]
[Black "toninhojit"]
[Result "1-0"]
[WhiteElo "2557"]
[BlackElo "2389"]
[TimeControl "180+1"]
[EndTime "9:08:41 PST"]
[Termination "ChainedDowntohell won by resignation"]

1. d4 Nf6 2. Nf3 d5 3. c4 e6 4. Nc3 c6 5. g3 dxc4 6. Bg2 Bb4 7. O-O Nbd7 8. Qc2 b5 9. Ng5 Qb6 10. a4 Bxc3 11. bxc3 Bb7 12. Ba3 h6 13. Nxe6 fxe6 14. Qg6+ Kd8 15. Qxg7 Re8 16. Bd6 Nd5 17. e4 Nxc3 18. a5 Ne2+ 19. Kh1 Qxd4 20. e5 a6 21. Rad1 c3 22. Rxd4 Nxd4 23. Qxh6 Nf5 24. Qc1 b4 25.
Bxb4 Nxe5 26. Qxc3 1-0